 Dungeon Crawl Stone Soup version 0.28.0-45-g0d030f2227 (webtiles) character file.

Game seed: 6711410002457287505

2150 ultragoat the Ruffian (level 9, -2/89 HPs)
             Began as a Troll Monk on Apr 17, 2022.
             Was a Believer of Makhleb.
             Shot with an arrow by a centaur warrior (31 damage)
             ... on level 9 of the Dungeon on Apr 18, 2022.
             The game lasted 00:40:58 (6965 turns).

ultragoat the Ruffian (Troll Monk)                  Turns: 6965, Time: 00:40:58

Health: -2/89      AC:  5    Str: 25    XL:     9   Next: 10%
Magic:  8/8        EV: 11    Int:  6    God:    Makhleb [**....]
Gold:   179        SH:  0    Dex: 12    Spells: 8/8 levels left

rFire   . . .      SeeInvis +     - Unarmed
rCold   . . .      Faith    .   (no shield)
rNeg    . . .      Spirit   .   a - +1 robe
rPois   .          Reflect  .   (helmet restricted)
rElec   .          Harm     .   (no cloak)
rCorr   .          Rampage  .   (gloves unavailable)
Will    .....                   (boots unavailable)
Stlth   ++........              (no amulet)
HPRegen 1.04/turn               e - ring of see invisible
MPRegen 0.11/turn               (no ring)

@: no status effects
A: large, unfitting armour, claws 3, regeneration 1, shaggy fur 1, tough skin 1
a: Renounce Religion, Minor Destruction


You were on level 9 of the Dungeon.
You worshipped Makhleb.
Makhleb was pleased with you.
You visited 2 branches of the dungeon, and saw 8 of its levels.
You also visited: Sewer.

You collected 179 gold pieces.

Inventory:

Hand Weapons
 n - the +3 falchion of the Apocalypse {drain, Int+4 SInv Stlth+}
   (You found it on level 3 of the Dungeon)

   A truly terrible weapon, it drains the life of any living foe it strikes.
   Int:       It affects your intelligence (+4).
   SInv:      It lets you see invisible.
   Stlth:     It makes you more stealthy.
Armour
 a - a +1 robe (worn)
Magical Staves
 h - a staff of conjuration
Jewellery
 e - a ring of see invisible (left claw)
 s - a ring of wizardry
Wands
 m - a wand of mindburst (2)
 p - a wand of acid (12)
 v - a wand of iceblast (7)
Scrolls
 c - 3 scrolls of fear
 d - 3 scrolls of teleportation
 y - a scroll of summoning
Potions
 b - 2 potions of flight
 f - a potion of curing
 g - 2 potions of resistance
 i - a potion of might
 k - a potion of magic
 l - a potion of lignification
 u - a potion of haste
 x - a potion of ambrosia {unknown}


   Skills:
 * Level 5.8 Fighting
 + Level 5.2 Dodging
 - Level 1.4 Stealth
 + Level 6.3 Unarmed Combat
 + Level 0.3 Invocations
 - Level 4.5 Evocations


You had 8 spell levels left.
You didn't know any spells.
Your spell library contained the following spells:

 Spells                   Type           Power      Damage    Failure   Level
 Animate Skeleton         Necr           0%         N/A       45%         1
 Apportation              Tloc           0%         N/A       45%         1
 Pain                     Necr           0%         1d4       45%         1
 Conjure Flame            Conj/Fire      0%         6-21      83%         3
 Ignite Poison            Fire/Tmut/Pois 0%         N/A       83%         3
 Tukima's Dance           Hex            0%         N/A       83%         3
 Vampiric Draining        Necr           0%         2d6       83%         3
 Sticky Flame             Conj/Fire      0%         2d3       99%         4
 Alistair's Intoxication  Tmut/Pois      0%         N/A       100%        5
 Fireball                 Conj/Fire      0%         3d3       100%        5
 Freezing Cloud           Conj/Ice/Air   0%         6-21      100%        5
 Metabolic Englaciation   Hex/Ice        0%         N/A       100%        5
 Starburst                Conj/Fire      0%         6d3       100%        6
 Ignition                 Fire           0%         3d3       100%        8


Dungeon Overview and Level Annotations

Branches:
Dungeon (6/15)             Temple (1/1) D:5           Sewer (visited)

Altars:
Ashenzari
Cheibriados
Dithmenos
Elyvilon
Fedhas
Gozag
Hepliaklqana
Kikubaaqudgha
Makhleb
Nemelex Xobeh
Okawaru
Qazlal
Ru
Sif Muna
Trog
Uskayaw
Vehumet
Wu Jian
Xom
Yredelemnul
Zin
The Shining One

Shops:
D:1 !


Innate Abilities, Weirdness & Mutations

You are too large for most types of armour.
You have claws for hands.
Your natural rate of healing is unusually fast.
You are covered in fur. (AC +1)
You have tough skin. (AC +1)


Message History

There is a stone staircase leading up here.
Found 16 gold pieces.
Found a war axe.
Found a stone staircase leading down.
Found 7 gold pieces.
o - a scroll of identify You now have 179 gold pieces (gained 7).
As you read the scroll of identify, it crumbles to dust.
j - a potion of heal wounds
Found 17 gold pieces.
A howler monkey skeleton comes into view.
A sourceless malevolence fills the Dungeon...
You fall into a shaft and drop 3 floors!
The shaft crumbles and collapses.
Found 31 gold pieces.
A howler monkey zombie comes into view.
You claw the howler monkey zombie! x2
You destroy the howler monkey zombie!
Makhleb accepts your kill.
Unknown command.
Found 31 stones.
You see here 31 stones.
You see here 31 stones.
A centaur warrior comes into view.
The centaur warrior shouts!
The centaur warrior wields a +0 longbow.
The centaur warrior shoots an arrow.
The arrow hits you!!
The centaur warrior shoots an arrow.
The arrow hits you!!
The centaur warrior shoots an arrow.
The arrow hits you!
The centaur warrior shoots an arrow.
The arrow misses you.
Aiming: Paralyse
Press: ? - help, Shift-Dir - straight line, f - centaur warrior
Aim: a centaur warrior, wielding a +0 longbow and quivering arrows (chance to affect: 42%)
The centaur warrior resists with some effort.
The now-empty wand crumbles to dust.
The centaur warrior shoots an arrow.
The arrow hits you!!
* * * LOW HITPOINT WARNING * * *
The centaur warrior shoots an arrow.
The arrow hits you!
* * * LOW HITPOINT WARNING * * *
You feel much better.
The centaur warrior shoots an arrow.
The arrow hits you!!
You die...

.# .# #..# .# #..# .# #..# .#
#..# .# #..# .# #..##########
.################............
................@...(........
################..###########
#..# #..# #..# #c.# #..#
...............
#####.......c..


You could see a centaur warrior.

Vanquished Creatures
  Pikel (D:5)
  Eustachio (D:5)
  Edmund (D:5)
  A water moccasin (D:5)
  A black bear (D:5)
  A necrophage (D:4)
  2 ogres
  A centaur (D:5)
  A lemure (D:5)
  2 phantoms
  A kobold brigand (Sewer)
  A scorpion (D:4)
  2 hounds
  2 orc priests
  A gnoll shaman (D:4)
  Ijyb (D:5)
  Natasha (D:4)
  2 orc wizards (D:5)
  A hound zombie (D:5)
  2 howler monkey zombies
  Robin (D:2)
  13 adders
  5 gnolls (D:4)
  2 river rats (Sewer)
  An ufetubus (D:4)
  An adder skeleton (D:4)
  5 worms
  2 dart slugs
  17 orcs
  8 endoplasms
  5 giant cockroaches
  16 goblins
  8 hobgoblins
  9 jackals
  6 quokkas
  14 ball pythons
  4 bats
  6 frilled lizards
  7 kobolds
  2 quokka skeletons (D:4)
  7 rats
165 creatures vanquished.

Vanquished Creatures (others)
  An ufetubus (D:5)
1 creature vanquished.

Grand Total: 166 creatures vanquished

Notes
Turn   | Place    | Note
-------+----------+-------------------------------------------
     0 | D:1      | ultragoat the Troll Monk began the quest for the Orb.
     0 | D:1      | Reached XP level 1. HP: 22/22 MP: 0/0
   139 | D:1      | Reached XP level 2. HP: 29/29 MP: 1/1
   477 | D:1      | Found Acuixt's Distillery.
   992 | D:2      | Reached XP level 3. HP: 36/36 MP: 2/2
  1269 | D:2      | Reached XP level 4. HP: 41/44 MP: 3/3
  2060 | D:2      | Noticed Robin
  2066 | D:2      | Killed Robin
  2170 | D:2      | Reached XP level 5. HP: 53/53 MP: 4/4
  2287 | D:3      | Noticed an ogre
  2509 | D:3      | Found a glowing drain.
  2513 | Sewer    | Entered a sewer
  2790 | Sewer    | Reached skill level 4 in Unarmed Combat
  3128 | Sewer    | Reached XP level 6. HP: 28/62 MP: 5/5
  3440 | D:3      | Identified the +3 falchion of the Apocalypse {drain, Int+4
                  | SInv Stlth+}
  3484 | D:3      | Found a glowing golden altar of the Shining One.
  3497 | D:3      | Found a radiant altar of Vehumet.
  3636 | D:3      | Found a faded altar of an unknown god.
  3938 | D:4      | Reached skill level 1 in Evocations
  3988 | D:4      | Reached XP level 7. HP: 40/71 MP: 6/6
  4148 | D:4      | Noticed Natasha
  4150 | D:4      | Killed Natasha
  4730 | D:4      | Reached skill level 5 in Unarmed Combat
  5198 | D:5      | Entered Level 5 of the Dungeon
  5217 | D:5      | Got the Almanac of Beguiling and Cold
  5361 | D:5      | Reached skill level 5 in Fighting
  5462 | D:5      | Reached XP level 8. HP: 80/80 MP: 7/7
  5553 | D:5      | Found a staircase to the Ecumenical Temple.
  5705 | Temple   | Entered the Ecumenical Temple
  6059 | Temple   | Became a worshipper of Makhleb the Destroyer
  6059 | Temple   | Reached * piety under Makhleb
  6059 | Temple   | Reached ** piety under Makhleb
  6399 | D:5      | Noticed Pikel
  6408 | D:5      | Killed Pikel
  6413 | D:5      | Reached skill level 6 in Unarmed Combat
  6491 | D:5      | Noticed Eustachio
  6496 | D:5      | Killed Eustachio
  6497 | D:5      | Reached skill level 5 in Dodging
  6511 | D:5      | Noticed Edmund
  6511 | D:5      | Noticed Ijyb
  6524 | D:5      | Killed Ijyb
  6538 | D:5      | Killed Edmund
  6539 | D:5      | Reached XP level 9. HP: 77/89 MP: 8/8
  6903 | D:6      | You fall into a shaft and drop 3 floors!
  6956 | D:9      | Noticed a centaur warrior
  6964 | D:9      | HP: 4/89 [centaur warrior/arrow (16)]
  6965 | D:9      | Shot with an arrow by a centaur warrior

Illustrated notes

Levels and vault maps discovered:
D:1:      nzn_arrival_crosshair, layout_basic, serial_shops,
          nicolae_shop_hallway_plus
D:2:      minmay_skewed_foursquare, layout_basic, uniq_robin,
          uniq_crazy_yiuf_cottage
D:3:      layout_rooms, mainiacjoe_overflow_swirl, gup_sewer_entry_spiral,
          dilly_ecumenical_altar_fadedgnrine,
          nicolae_concentric_dashed_squares_mild
D:4:      layout_layer_cave, uniq_natasha
D:5:      layout_basic, minmay_temple_entry_glass, minmay_statues_item,
          uniq_eustachio, uniq_edmund, uniq_pikel, uniq_ijyb
D:6:      gammafunk_steamed_eel, layout_basic, uniq_blork_the_orc, uniq_sigmund
D:9:      layout_long_grid, special_room [special_room_bee],
          minmay_hollow_rounded_squares
Temple:   mainiacjoe_temple_cubbyholes

Skill      XL: |  1  2  3  4  5  6  7  8 |
---------------+-------------------------+-----
Fighting       | 3 4 5 |  5.8
Dodging        | 3 4 5 |  5.2
Unarmed Combat | 4 5 6 |  6.3
Evocations     | 1 2 4 |  4.5
Stealth        | |  1.4
Invocations    | |  0.3

Action                   |  1- 3 |  4- 6 |  7- 9 || total
-------------------------+-------+-------+-------++-------
Melee: Unarmed           |    68 |   254 |   149 ||   471
       Punch             |     3 |     4 |     8 ||    15
Evoke: Wand              |       |       |     9 ||     9
  Use: Scroll            |     1 |     6 |    11 ||    18
       Potion            |       |     1 |     2 ||     3
 Stab: Sleeping          |     1 |     4 |     1 ||     6
       Paralysed         |       |       |     5 ||     5
Armor: Robe              |    22 |    91 |    38 ||   151
       Skin              |       |     6 |       ||     6
Dodge: Dodged            |    41 |   142 |    71 ||   254
